 Dungeon Crawl Stone Soup version 0.18-a0-1160-geb89fc2 (webtiles) character file.

612 namelastname112 the Cudgeler (level 7, 0/59 HPs)
             Began as a Purple Draconian Gladiator on Jan 25, 2016.
             Was a Follower of the Shining One.
             Slain by a wasp (6 damage)
             ... on level 8 of the Dungeon.
             The game lasted 00:06:53 (3968 turns).

namelastname112 the Cudgeler (DrGl)                 Turns: 3968, Time: 00:06:53

Health: 0/59       AC:  8    Str: 17      XL:     7   Next: 20%
Magic:  7/7        EV: 13    Int: 10      God:    the Shining One [*.....]
Gold:   271        SH:  0    Dex:  9 (12) Spells: 0 memorised, 6 levels left

rFire  + . .     SeeInvis .     a - +0 dagger "Lunin" {flame, +Rage rPois} (curse)
rCold  . . .     Gourm    .     (armour unavailable)
rNeg   . . .     Faith    +     (no shield)
rPois  +         Spirit   .     b - +0 hat
rElec  .         Dismiss  .     v - +0 cloak
rCorr  .         Reflect  .     i - +0 pair of gloves
SustAt .         Harm     .     (no boots)
MR     ++...                    q - amulet of faith
Stlth  +.........               g - ring of protection from magic
                                j - ring of protection from fire

@: lethally poisoned (0 -> -2), glowing, very resistant to hostile enchantments,
very unstealthy
A: breathe power, unfitting armour, cold-blooded, AC +6
a: Breathe Dispelling Energy, Renounce Religion, Evoke Berserk Rage


You were on level 8 of the Dungeon.
You worshipped the Shining One.
The Shining One was aware of your devotion.
You were hungry.

You visited 1 branch of the dungeon, and saw 6 of its levels.

You collected 271 gold pieces.

Inventory:

Hand Weapons
 a - the cursed +0 dagger "Lunin" (weapon) {flame, +Rage rPois}
   (You found it on level 4 of the Dungeon)

   It has been specially enchanted to burn those struck by it, causing extra
   injury to most foes and up to half again as much damage against particularly
   susceptible opponents.
   It protects you from poison.
   It lets you go berserk.
   It has a curse placed upon it.
 p - a +1 whip of holy wrath
Missiles
 e - 4 javelins (quivered)
Armour
 b - a +0 hat (worn)
 i - a +0 pair of gloves (worn)
 v - a +0 cloak (worn)
Jewellery
 g - a ring of protection from magic (right hand)
 j - a ring of protection from fire (left hand)
 k - an uncursed amulet of guardian spirit
 q - an amulet of faith (around neck)
Wands
 u - a wand of fire (2/15)
Scrolls
 f - 2 scrolls of identify
 m - a scroll of magic mapping
 n - a scroll of enchant weapon {unknown}
Potions
 l - 2 potions of agility
 o - 2 potions of haste
 t - a potion of resistance
 w - a potion of cancellation
 x - a potion of cure mutation {unknown}
Books
 r - a book of Minor Magic

   Spells                             Type                      Level
   a - Magic Dart                     Conjuration                  1
   b - Blink                          Translocation                2
   c - Call Imp                       Summoning                    2
   d - Repel Missiles                 Charms/Air                   2
   e - Slow                           Hexes                        2
   f - Conjure Flame                  Conjuration/Fire             3
   g - Mephitic Cloud                 Conjuration/Poison/Air       3
Comestibles
 c - a royal jelly
 d - 3 bread rations
 h - a meat ration
 s - a beef jerky


   Skills:
 + Level 4.2 Fighting
 * Level 6.0 Maces & Flails
 + Level 3.3 Throwing
 + Level 4.0 Dodging


You had 6 spell levels left.
You didn't know any spells.

Dungeon Overview and Level Annotations

Branches:
Dungeon (5/15)
 Temple: D:4-7

Altars:
Dithmenos
Gozag
Pakellas
Qazlal
The Shining One

Annotations:
D:4 Eustachio


Innate Abilities, Weirdness & Mutations

You can breathe bolts of dispelling energy.
Your rich purple scales are hard (AC +6).
Your body does not fit into most forms of armour.
You are cold-blooded and may be slowed by cold attacks.


Message History

You feel sick. The wasp barely misses you.
You hit the wasp. You burn the wasp.
The wasp is heavily wounded.
You feel sick. The wasp stings you!
* * * LOW HITPOINT WARNING * * *
The wasp barely misses you.
You hit the wasp but do no damage.
The wasp is heavily wounded.
The wasp stings you.
* * * LOW HITPOINT WARNING * * *
You closely miss the wasp.
The wasp is heavily wounded.
The wasp closely misses you. The wasp completely misses you.
You closely miss the wasp.
The wasp is heavily wounded.
You feel sick. The wasp barely misses you.
You hit the wasp but do no damage.
The wasp is heavily wounded.
The wasp stings you.
You die...

#.....##...........
#.....##.......#
#..............#
#..............#
#.......#......#####
#.............>....#
.####.....#.......####.#
..........+.......####.#
.......@###.......#....#
....##..y.........#.####
.... #............#.# ..
#............#.#
#......... #.#
#......... #.#
#......... #.#
#......... #.. ###


You could see a wasp.

Vanquished Creatures
  An ogre (D:5)
  2 giant frogs
  A scorpion (D:4)
  An orc wizard (D:4)
  Crazy Yiuf (D:3)
  Natasha (twice) (D:2)
  A hound zombie (D:5)
  Robin (D:4)
  5 gnolls
  6 adders
  4 oozes
  A giant gecko (D:3)
  2 orcs (D:4)
  10 bats
  2 giant cockroaches
  7 hobgoblins
  12 jackals
  9 kobolds
  A quokka (D:2)
  2 ball pythons
  2 giant newts
  19 goblins
  7 rats
99 creatures vanquished.

Vanquished Creatures (others)
  An orc wizard (D:4)
1 creature vanquished.

Grand Total: 100 creatures vanquished

Notes
Turn   | Place    | Note
--------------------------------------------------------------
     0 | D:1      | namelastname112 the Draconian Gladiator began the quest for the Orb.
     0 | D:1      | Reached XP level 1. HP: 17/17 MP: 1/1
   460 | D:1      | Reached XP level 2. HP: 19/25 MP: 2/2
   766 | D:1      | Reached XP level 3. HP: 26/30 MP: 3/3
  1319 | D:2      | Reached XP level 4. HP: 33/37 MP: 4/4
  1427 | D:2      | Noticed Natasha
  1435 | D:2      | Killed Natasha
  1435 | D:2      | Reached skill level 4 in Maces & Flails
  1506 | D:2      | Found a stormy altar of Qazlal.
  1509 | D:2      | Found a shadowy altar of Dithmenos.
  1513 | D:2      | Found an opulent altar of Gozag.
  1521 | D:2      | Found a glowing golden altar of the Shining One.
  1521 | D:2      | Found an oddly glowing altar of Pakellas.
  1545 | D:2      | Became a worshipper of the Shining One
  1659 | D:2      | Noticed Natasha
  1679 | D:2      | Killed Natasha
  2007 | D:2      | Reached XP level 5. HP: 45/45 MP: 5/5
  2622 | D:3      | Noticed Crazy Yiuf
  2630 | D:3      | Killed Crazy Yiuf
  2630 | D:3      | Reached skill level 5 in Maces & Flails
  2630 | D:3      | Reached XP level 6. HP: 30/51 MP: 6/6
  2862 | D:4      | Noticed Robin
  2887 | D:4      | Killed Robin
  3115 | D:4      | Reached * piety under the Shining One
  3152 | D:4      | Got a transparent dagger
  3153 | D:4      | Identified the cursed +0 dagger "Lunin" {flame, +Rage rPois} (You found it on level 4 of the Dungeon)
  3178 | D:4      | Noticed Eustachio
  3815 | D:5      | Entered Level 5 of the Dungeon
  3823 | D:5      | Reached XP level 7. HP: 59/59 MP: 7/7
  3823 | D:5      | Your scales start taking on a rich purple colour.
  3918 | D:5      | You fall through a shaft for 3 floors!
  3946 | D:8      | Reached skill level 6 in Maces & Flails
  3968 | D:8      | Slain by a wasp

Vault maps used:
D:1:      wheals_arrival_linesprint
D:2:      minmay_overflow_temple_star_hex, first_bread,
          kennysheep_generic_room_9, uniq_natasha
D:3:      uniq_crazy_yiuf_cottage
D:4:      lemuel_coloured_pillars_altar, sigmund_army, uniq_menkaure,
          uniq_eustachio, uniq_robin
D:5:      minmay_misc_feat_columns
D:8:      lemuel_doored_altar, vehumet_crystals, hangedman_ranch, uniq_psyche

Action                   |  1- 3 |  4- 6 |  7- 9 || total
-------------------------+-------+-------+-------++-------
Melee: Flail             |    97 |       |       ||    97
       Whip              |    16 |   236 |       ||   252
       Dagger            |       |    48 |    34 ||    82
Throw: Javelin           |       |     9 |       ||     9
       Throwing net      |       |     5 |       ||     5
  Use: Scroll            |       |    13 |       ||    13
       Potion            |       |     1 |       ||     1
 Stab: Sleeping          |       |     1 |       ||     1
  Eat: Chunk             |     1 |     7 |       ||     8
       Beef jerky        |       |     1 |       ||     1
